 Dungeon Crawl Stone Soup version 0.21-a0-582-g1b93aee (webtiles) character file.

424 galech the Ruffian (level 6, -1/61 HPs)
             Began as a Troll Monk on Dec 19, 2017.
             Killed from afar by a white imp (8 damage)
             ... with a puff of frost
             ... summoned by Eustachio
             ... on level 4 of the Dungeon.
             The game lasted 00:04:25 (2517 turns).

galech the Ruffian (Troll Monk)                     Turns: 2517, Time: 00:04:26

Health: -1/61      AC:  8    Str: 22    XL:     6   Next: 64%
Magic:  5/5        EV: 11    Int:  6    God:
Gold:   99         SH:  0    Dex: 12    Spells: 5/5 levels left

rFire    . . .     SeeInvis .     - Unarmed
rCold    . . .     Gourm    +   (no shield)
rNeg     . . .     Faith    .   a - +0 robe
rPois    .         Spirit   .   (helmet restricted)
rElec    .         Reflect  .   o - +2 cloak {+Inv}
rCorr    .         Harm     .   (gloves unavailable)
MR       .....                  (boots unavailable)
Stlth    ++........             (no amulet)
HPRegen  0.60/turn              (no ring)
MPRegen  0.09/turn              (no ring)

@: no status effects
A: large, unfitting armour, claws 3, fast metabolism 3, gourmand, regeneration
1, shaggy fur 1, tough skin 2
a: Evoke Invisibility


You were on level 4 of the Dungeon.
You were very full.

You visited 1 branch of the dungeon, and saw 4 of its levels.

You collected 99 gold pieces.

Inventory:

Armour
 a - a +0 robe (worn)
 o - a +2 cloak of invisibility (worn)
Scrolls
 d - a scroll of fear {unknown}
 f - 4 scrolls of identify {unknown}
 h - 2 scrolls of amnesia {unknown}
 j - 2 scrolls of remove curse {unknown}
 m - a scroll of enchant weapon {unknown}
 p - a scroll of teleportation {unknown}
 r - a scroll of immolation {unknown}
Potions
 c - a potion of curing {unknown}
 e - a potion of invisibility {unknown}
 g - a potion of haste {unknown}
 k - a potion of might {unknown}
 l - a potion of cancellation {unknown}
 n - 2 potions of berserk rage {unknown}
 q - a potion of degeneration {unknown}
 s - a potion of mutation {unknown}
 u - a potion of flight {unknown}
Books
 i - a book of Changes

   Spells                             Type                      Level
   a - Beastly Appendage              Transmutation                1
   b - Sticks to Snakes               Transmutation                2
   c - Spider Form                    Transmutation/Poison         3
   d - Ice Form                       Ice/Transmutation            4
   e - Blade Hands                    Transmutation                5
Comestibles
 b - 8 rations
 t - a chunk of flesh


   Skills:
 + Level 3.3 Fighting
 + Level 3.6 Dodging
 + Level 1.7 Stealth
 + Level 5.7 Unarmed Combat


You had 5 spell levels left.
You didn't know any spells.

Dungeon Overview and Level Annotations

Branches:
Dungeon (4/15)
 Temple: D:4-7

Altars:
Makhleb
Nemelex Xobeh
Sif Muna
Uskayaw
Vehumet
Wu Jian

Annotations:
D:4 Eustachio


Innate Abilities, Weirdness & Mutations

You are too large for most types of armour.
You have claws for hands.
Your metabolism is lightning-fast.
You like to eat raw meat.
Your natural rate of healing is unusually fast.
You are covered in fur. (AC +1)
You have very tough skin. (AC +2)


Message History

You completely miss Eustachio.
Eustachio is severely wounded.
The white imp gestures at you. The puff of frost hits you!
Eustachio gestures wildly while chanting.
Eustachio blinks!
Eustachio casts a spell.
Eustachio blinks!
The white imp gestures at you. The puff of frost hits you!
* * * LOW HITPOINT WARNING * * *
You see here a worker ant corpse.
The white imp gestures at you. The puff of frost hits you!
* * * LOW HITPOINT WARNING * * *
The white imp sputters.
There is a stone staircase leading up here.
The white imp gestures at you. The puff of frost hits you!
You die...

...############
..........5..5####
..)##########....######
...# ####......#####
.a.# ##5.<......# ...#
#.....###.# .###
#.....# @## ##.....#
(.### #@.#.### #...###
#.##... ###..ยง###
#.##.#..# #####@..#
....###... @..5.##.#
...# ##. ...a5# # ..#.
...!.# #.# . .##### #.
# .


You could see a white imp.

Vanquished Creatures
  Sigmund (D:4)
  Crazy Yiuf (D:3)
  A hound (D:3)
  Terence (D:3)
  A worker ant (D:4)
  An iguana (D:4)
  7 adders
  A gnoll (D:3)
  An adder zombie (D:3)
  A worm (D:3)
  2 dart slugs
  A leopard gecko (D:2)
  An orc (D:3)
  7 bats
  3 giant cockroaches (D:1)
  4 goblins
  3 hobgoblins
  6 jackals
  2 quokkas
  A ball python (D:2)
  4 frilled lizards
  A jackal skeleton (D:4)
  5 kobolds
  5 rats
61 creatures vanquished.

Notes
Turn   | Place    | Note
-------+----------+-------------------------------------------
     0 | D:1      | galech the Troll Monk began the quest for the Orb.
     0 | D:1      | Reached XP level 1. HP: 22/22 MP: 0/0
   100 | D:1      | Reached XP level 2. HP: 29/29 MP: 1/1
   993 | D:2      | Reached XP level 3. HP: 34/36 MP: 2/2
  1098 | D:2      | Reached XP level 4. HP: 37/44 MP: 3/3
  1166 | D:2      | Found a faded altar of an unknown god.
  1531 | D:2      | Found a deep blue altar of Sif Muna.
  1605 | D:3      | Noticed Terence
  1621 | D:3      | Killed Terence
  1621 | D:3      | Reached skill level 4 in Unarmed Combat
  1760 | D:3      | Found an ornate altar of the Wu Jian Council.
  1763 | D:3      | Found a sparkling altar of Nemelex Xobeh.
  1773 | D:3      | Found a radiant altar of Vehumet.
  1905 | D:3      | Reached XP level 5. HP: 53/53 MP: 4/4
  2015 | D:3      | Found a runed door.
  2019 | D:3      | Noticed Crazy Yiuf
  2032 | D:3      | Killed Crazy Yiuf
  2180 | D:3      | Found a hide-covered altar of Uskayaw.
  2307 | D:3      | Found a burning altar of Makhleb.
  2382 | D:4      | Noticed Sigmund
  2390 | D:4      | Reached skill level 5 in Unarmed Combat
  2394 | D:4      | Killed Sigmund
  2394 | D:4      | Reached XP level 6. HP: 40/61 MP: 5/5
  2445 | D:4      | Noticed Eustachio
  2509 | D:4      | HP: 2/61 [white imp/puff of frost[Eustachio] (8)]
  2517 | D:4      | Killed from afar by a white imp

Vault maps used:
D:1:      minmay_arrival_open_corners
D:2:      lemuel_blue_sif_altar, chequers_ecumenical_altar_simple
D:3:      kb_forest_paths, lemuel_crystal_altar, grunt_temple_overflow_diamond,
          hangedman_feature_mirror, makhleb_blood_cavern_becter,
          uniq_crazy_yiuf_cottage, uniq_terence
D:4:      minmay_temple_entry_steel_oval, first_ration, solitary_fountain,
          uniq_sigmund, uniq_grinder, uniq_eustachio

Skill      XL: |  1  2  3  4  5 |
---------------+----------------+-----
Dodging        | 3 |  3.6
Fighting       | 3 |  3.3
Unarmed Combat | 4 5 |  5.7
Stealth        | |  1.7

Action                   |  1- 3 |  4- 6 || total
-------------------------+-------+-------++-------
Melee: Unarmed           |   104 |   126 ||   230
       Punch             |     1 |     2 ||     3
 Stab: Sleeping          |     3 |     2 ||     5
  Eat: Chunk             |    10 |    18 ||    28
Armor: Robe              |    51 |    49 ||   100
Dodge: Dodged            |    73 |    62 ||   135

Table legend:
 A = Spawn XP
 B = Non-spawn XP
 C = Spawn XP percentage of total XP
 D = Spawn monster count
 E = Non-spawn monster count
 F = Spawn count percentage of total count
 G = Total turns spent on level
                    A         B        C        D         E        F      G
               +---------+---------+-------+---------+---------+-------+---------
         Total |       0 |     607 |   0.0 |       0 |      61 |   0.0 |  2517
               +---------+---------+-------+---------+---------+-------+---------
           D:1 |       0 |      35 |   0.0 |       0 |      20 |   0.0 |   981
           D:2 |       0 |      73 |   0.0 |       0 |      15 |   0.0 |   624
           D:3 |       0 |     205 |   0.0 |       0 |      21 |   0.0 |   764
           D:4 |       0 |     294 |   0.0 |       0 |       5 |   0.0 |   148
               +---------+---------+-------+---------+---------+-------+---------
